 Dungeon Crawl Stone Soup version 0.18.1-50-g88ac8fd (webtiles) character file.

1176 Monkfish the Covert (level 8, -9/51 HPs)
             Began as a Kobold Berserker on Oct 24, 2016.
             Was an Elder of Trog.
             Mangled by an orc warrior
             ... wielding a +0 halberd
              (11 damage)
             ... on level 6 of the Dungeon.
             The game lasted 00:08:55 (6027 turns).

Monkfish the Covert (Kobold Berserker)              Turns: 6027, Time: 00:08:56

Health: -9/51      AC:  9    Str: 26    XL:     8   Next: 69%
Magic:  8/8        EV: 16    Int:  7    God:    Trog [****..]
Gold:   343        SH:  0    Dex: 17    Spells: 0 memorised, 7 levels left

rFire  . . .     SeeInvis .     a - +2 short sword
rCold  . . .     Gourm    .     u - +1 robe {rN+}
rNeg   + . .     Faith    +     (shield restricted)
rPois  .         Spirit   .     j - +2 helmet
rElec  .         Dismiss  .     m - +0 cloak
rCorr  .         Reflect  .     h - +0 pair of gloves
SustAt .         Harm     .     (no boots)
MR     .....                    l - amulet of faith
Stlth  +++++.....               s - ring of flight
                                p - +5 ring of strength

@: mighty, exhausted, not resistant to hostile enchantments, quite stealthy
A: icy blue scales 1, carnivore 3, clever 1
a: Berserk, Trog's Hand, Brothers in Arms, Burn Spellbooks, Renounce Religion,
Evoke Flight


You were on level 6 of the Dungeon.
You worshipped Trog.
Trog was greatly pleased with you.
You were very full.

You visited 2 branches of the dungeon, and saw 7 of its levels.

You collected 343 gold pieces.

Inventory:

Hand Weapons
 a - a +2 short sword (weapon)
Armour
 h - a +0 pair of gloves (worn)
 j - a +2 helmet (worn)
 m - a +0 cloak (worn)
 u - a +1 robe of positive energy (worn)
Jewellery
 l - an amulet of faith (around neck)
 p - a +5 ring of strength (left hand)
 s - a ring of flight (right hand)
Wands
 q - a wand of confusion (37/48)
Scrolls
 b - a scroll of enchant armour {unknown}
 d - a scroll of immolation {unknown}
 n - 4 scrolls of remove curse
 o - a scroll of teleportation
Potions
 e - a potion of might
 i - 3 potions of agility
 k - a potion of degeneration {unknown}
 t - a potion of curing {unknown}
Comestibles
 c - 2 meat rations
 f - 2 beef jerkies
 g - a royal jelly
 r - a slice of pizza


   Skills:
 + Level 6.1 Fighting
 + Level 7.7 Short Blades
 - Level 1.7 Armour
 - Level 3.4 Dodging
 * Level 9.2 Stealth


You had 7 spell levels left.
You didn't know any spells.

Dungeon Overview and Level Annotations

Branches:
Dungeon (6/15)             Temple (1/1) D:4

Altars:
Ashenzari
Cheibriados
Dithmenos
Elyvilon
Fedhas
Gozag
Kikubaaqudgha
Makhleb
Nemelex Xobeh
Okawaru
Pakellas
Qazlal
Ru
Sif Muna
Trog
Vehumet
Xom
Yredelemnul
Zin
The Shining One


Innate Abilities, Weirdness & Mutations

You are small and have problems with some larger weapons.
You are carnivorous and can eat meat at any time.
You are partially covered in icy blue scales (AC +1).
Your mind is acute. (Int +2)


Message History

The orc warrior closely misses you.
The giant frog skeleton barely misses you.
There is an open door, spattered with blood here.
You see here an orc corpse.
The orc warrior hits you with a halberd.
Things that are here:
a falchion of protection; a dagger; an orc corpse You barely miss the orc.
The orc curses loudly.
The orc completely misses you.
The orc warrior hits you with a halberd!
* * * LOW HITPOINT WARNING * * *
You puncture the orc!
You kill the orc!
Trog accepts your kill. The orc warrior closely misses you.
You puncture the giant frog skeleton! The giant frog skeleton hits you.
* * * LOW HITPOINT WARNING * * *
The orc warrior hits you from afar with a halberd!
You die...

.........#### #.#
#.##≈...≈##.# .........# #.#
#.###≈≈≈##..# #........# #.#
#.# ######.## .........# #.#
#.# #..# .........# ###[###.#
#.## .####.####
#.......#######.# ..#
#.#######.#.............#
..###....[.........######.###
.......######...@#.# #.#
.......# #####Z#.# #.#
..##########.))#o#.# #.# ..#
#........))).#.# #.# ..#
#.######...###.# #.# ..# #.#
#...#...# #.# ..# #Z#
#.).#.### #.# ..# #.# #...#.#
#.# ..# #.# #!..#.# #.#


You could see an orc warrior and a giant frog skeleton.

Vanquished Creatures
  Menkaure (D:6)
  An orc warrior (D:5)
  2 giant frogs
  2 scorpions (D:4)
  2 crimson imps
  2 orc priests (D:6)
  A giant frog skeleton (D:6)
  A hound (D:6)
  3 iguanas
  2 orc wizards (D:6)
  7 worker ants
  A hound zombie (D:3)
  A hound skeleton (D:6)
  A worker ant zombie (D:5)
  A howler monkey skeleton (D:5)
  4 adders
  An ooze (D:4)
  2 adder skeletons
  3 worms
  4 giant geckos
  28 orcs
  6 giant cockroaches
  12 goblins
  8 hobgoblins
  3 jackals (D:5)
  14 kobolds
  2 quokkas
  2 ball pythons
  12 bats
  2 giant gecko zombies (D:5)
  4 giant newts
  5 rats
140 creatures vanquished.

Notes
Turn   | Place    | Note
--------------------------------------------------------------
     0 | D:1      | Monkfish the Kobold Berserker began the quest for the Orb.
     0 | D:1      | Reached XP level 1. HP: 14/14 MP: 1/1
   145 | D:1      | Reached XP level 2. HP: 7/19 MP: 2/2
   695 | D:1      | Reached XP level 3. HP: 20/23 MP: 3/3
   701 | D:1      | Reached ** piety under Trog
  1162 | D:2      | You fall through a shaft for 2 floors!
  1177 | D:4      | Reached skill level 1 in Stealth
  1177 | D:4      | Reached XP level 4. HP: 27/29 MP: 4/4
  1216 | D:4      | Found an oddly glowing altar of Pakellas.
  1796 | D:2      | Reached skill level 2 in Stealth
  2016 | D:2      | Reached skill level 5 in Short Blades
  2210 | D:3      | Reached XP level 5. HP: 31/33 MP: 5/5
  2211 | D:3      | Reached *** piety under Trog
  2318 | D:3      | Reached skill level 3 in Stealth
  2416 | D:3      | Found a bloodstained altar of Trog.
  2828 | D:4      | Found a staircase to the Ecumenical Temple.
  2842 | D:4      | Reached XP level 6. HP: 34/39 MP: 6/6
  2854 | D:4      | Reached skill level 4 in Stealth
  3029 | Temple   | Entered the Ecumenical Temple
  3184 | D:4      | Found Kudutz's Distillery.
  3405 | D:4      | Reached **** piety under Trog
  3458 | D:4      | Reached skill level 5 in Stealth
  3691 | D:4      | Gained mutation: You are partially covered in icy blue scales (AC +1). [potion of beneficial mutation]
  3692 | D:4      | Gained mutation: Your mind is acute. (Int +2) [potion of beneficial mutation]
  3696 | D:5      | Entered Level 5 of the Dungeon
  3723 | D:5      | Reached skill level 5 in Fighting
  3723 | D:5      | Reached XP level 7. HP: 14/44 MP: 7/7
  4130 | D:5      | Reached skill level 6 in Stealth
  4362 | D:5      | Reached skill level 7 in Stealth
  5062 | D:6      | Noticed Menkaure
  5069 | D:6      | Reached XP level 8. HP: 50/50 MP: 8/8
  5075 | D:6      | Killed Menkaure
  5075 | D:6      | Reached skill level 8 in Stealth
  5971 | D:6      | Reached skill level 9 in Stealth
  6027 | D:6      | HP: 2/51 [giant frog skeleton (1)]
  6027 | D:6      | Mangled by an orc warrior

Skill      XL: |  1  2  3  4  5  6  7  8 |
---------------+-------------------------+-----
Dodging        | 3 |  3.4
Stealth        | 1 2 3 5 7 9 |  9.2
Fighting       | 4 5 6 |  6.1
Short Blades   | 5 6 7 |  7.7
Armour         | |  1.7

Action                   |  1- 3 |  4- 6 |  7- 9 || total
-------------------------+-------+-------+-------++-------
Melee: Short sword       |    99 |   198 |   223 ||   520
Invok: Berserk           |       |     4 |     7 ||    11
       Trog's Hand       |       |       |     2 ||     2
       Burn Spellbooks   |       |       |     1 ||     1
  Use: Potion            |     4 |     5 |     2 ||    11
       Scroll            |     4 |     5 |     4 ||    13
 Stab: Sleeping          |     2 |    10 |     1 ||    13
  Eat: Chunk             |     3 |    13 |    19 ||    35
Armor: Animal skin       |    22 |    37 |    42 ||   101
       Robe              |       |       |    24 ||    24
Dodge: Dodged            |    82 |   157 |   217 ||   456
